[Event "Titled Tuesday Blitz February 14 Early 2023"]
[White "Kiseleva, Arina"]
[Black "Skaric, Djuro"]
[WhiteFideId "4164989"]
[BlackFideId "934569"]
[WhiteElo "1962"]
[BlackElo "2334"]
[Result "1-0"]
[Round "07"]
[TimeControl "180+2"]
[Date "2023.02.15"]
[WhiteClock "0:00:12"]
[BlackClock "0:00:06"]

1. d4 d6 2. Nf3 g6 3. c4 Bg7 4. Nc3 Nf6 5. e4 O-O 6. h3 Nc6 7. Be3 h6 8. Be2 e5 9. d5 Ne7 10. Qd2 Kh7 11. g4 Nfg8 12. O-O-O a6 13. Rdg1 Bd7 14. h4 Qc8 15. Ng5+ Kh8 16. h5 gxh5 17. Rxh5 Nf6 18. Rh2 Ng6 19. f3 Kg8 20. Nh3 c6 21. Bxh6 cxd5 22. Nxd5 Nxd5 23. exd5 f5 24. gxf5 Bxf5 25. Nf2 Qc7 26. Bxg7 Qxg7 27. Bd3 Rac8 28. Rhg2 Rf6 29. Bxf5 Rxc4+ 30. Bc2 e4 31. Nxe4 Rxf3 32. Nc3 Rf6 33. Rxg6 Rxg6 34. Rxg6 Rg4 35. Rxg7+ Kxg7 36. Ne4 1-0


[Site "https://www.chess.com"]

[Event "Titled Tuesday Blitz February 14 Early 2023"]
[White "Rios Escobar, Adan"]
[Black "Barrera Rincones, Josmar Joel"]
[WhiteFideId "3403645"]
[BlackFideId "3975487"]
[WhiteElo "2234"]
[BlackElo "1399"]
[Result "0-1"]
[Round "07"]
[TimeControl "180+2"]
[Date "2023.02.15"]
[WhiteClock "0:00:01"]
[BlackClock "0:00:25"]

1. d4 g6 2. g3 Bg7 3. Bg2 e5 4. dxe5 Bxe5 5. e4 Ne7 6. h4 h5 7. Nf3 Bg7 8. O-O Nbc6 9. Nc3 d6 10. Ng5 O-O 11. Be3 Bg4 12. Qd2 Ne5 13. f3 Nc4 14. Qf2 Nxe3 15. Qxe3 Bd7 16. Rad1 a6 17. a4 Qc8 18. Kh2 Rb8 19. Rf2 b5 20. axb5 axb5 21. Bf1 b4 22. Nd5 Nxd5 23. Rxd5 Bxb2 24. Bc4 Bg7 25. Qb3 Qe8 26. Ra5 Bd4 27. Rd2 Bc3 28. Rd3 Kg7 29. Nxf7 Rxf7 30. Bxf7 Qxf7 31. Rxc3 Be6 32. Qb1 bxc3 33. Qxb8 Qxf3 34. Qxc7+ Kh6 35. Qb8 Qf2+ 36. Kh1 Kg7 37. Ra7+ Bf7 38. Qxd6 Qxa7 39. Qe5+ Kg8 0-1


[Site "https://www.chess.com"]

[Event "Titled Tuesday Blitz February 14 Early 2023"]
[White "Smith, Garrett L"]
[Black "Necula, Iulian"]
[WhiteFideId "2024829"]
[BlackFideId "1232380"]
[WhiteElo "2047"]
[BlackElo "1851"]
[Result "1-0"]
[Round "07"]
[TimeControl "180+2"]
[Date "2023.02.15"]
[WhiteClock "0:00:19"]
[BlackClock "0:00:04"]

1. e4 c5 2. a3 d6 3. b4 Nf6 4. Nc3 cxb4 5. axb4 g6 6. Nf3 Bg7 7. d4 O-O 8. Be2 Nc6 9. b5 Nb8 10. h3 Nbd7 11. O-O h6 12. Be3 Nb6 13. Re1 d5 14. e5 Ne4 15. Nxe4 dxe4 16. Nd2 Nd5 17. Nxe4 Nxe3 18. fxe3 Bd7 19. c4 a6 20. bxa6 Rxa6 21. Rxa6 bxa6 22. Nc5 Bc8 23. Qa1 a5 24. Qa3 f6 25. e6 Qd6 26. d5 Qg3 27. Rf1 f5 28. Bf3 Be5 29. Nd3 Qh2+ 30. Kf2 Qg3+ 31. Ke2 Bd6 32. c5 Bc7 33. Qc3 g5 34. Qe1 Qh2 35. Rh1 Qg3 36. Qxg3 Bxg3 37. Rb1 g4 38. hxg4 fxg4 39. Bxg4 Ba6 40. Kd2 Bxd3 41. Kxd3 Rf2 42. Bf3 h5 43. Ke4 h4 44. c6 a4 45. Rc1 Bc7 46. Kd3 Ra2 47. Rh1 Ra3+ 48. Kc2 Rxe3 49. Rxh4 Bd6 50. Rxa4 Re5 51. Ra8+ Kg7 52. Kd3 Re1 53. Kd4 Rc1 54. Ra7 Kf6 55. Ke4 Rc4+ 56. Kd3 Rc5 57. Rd7 Rc1 58. Rd8 Ke5 59. Rh8 Kf4 60. Rh4+ Kg3 61. Rc4 Re1 62. c7 Bxc7 63. Rxc7 Rd1+ 64. Ke4 Re1+ 65. Kf5 Re3 66. Rxe7 Rd3 67. Rd7 1-0


[Site "https://www.chess.com"]

[Event "Titled Tuesday Blitz February 14 Early 2023"]
[White "Georg, Heinz"]
[Black "Janaszak, Dawid"]
[WhiteFideId "4607295"]
[BlackFideId "1119206"]
[WhiteElo "2107"]
[BlackElo "2316"]
[Result "0-1"]
[Round "07"]
[TimeControl "180+2"]
[Date "2023.02.15"]
[WhiteClock "0:01:46"]
[BlackClock "0:01:21"]

1. e4 e5 2. Nf3 Bc5 3. c3 Nf6 4. Nxe5 Nxe4 5. d4 Be7 6. Bd3 d5 7. O-O Nc6 8. Qc2 Nxe5 9. dxe5 Bf5 10. f3 Bc5+ 11. Kh1 Nf2+ 12. Rxf2 Bxd3 13. Qa4+ b5 14. Qg4 Bxf2 15. Qxg7 Kd7 16. Qxf7+ Kc6 17. Qe6+ Kb7 18. Na3 Re8 0-1


[Site "https://www.chess.com"]

[Event "Titled Tuesday Blitz February 14 Early 2023"]
[White "Kvaloy, Aksel Bu"]
[Black "Prudnykova, Olga"]
[WhiteFideId "1528815"]
[BlackFideId "14121093"]
[WhiteElo "2321"]
[BlackElo "2268"]
[Result "0-1"]
[Round "07"]
[TimeControl "180+2"]
[Date "2023.02.15"]
[WhiteClock "0:00:10"]
[BlackClock "0:00:09"]

1. d4 Nf6 2. c4 g6 3. g3 Bg7 4. Bg2 d5 5. cxd5 Nxd5 6. Nf3 Nc6 7. O-O Nb6 8. e3 O-O 9. Nc3 a5 10. a4 Be6 11. b3 Nb4 12. Ba3 c5 13. dxc5 Bxc3 14. cxb6 Bxa1 15. Qxa1 Qxb6 16. Qe5 f6 17. Qf4 Rfd8 18. Qh6 Bxb3 19. Bb2 Rd7 20. Bh3 Rc7 21. Nd4 Bc4 22. Rc1 Bf7 23. Rxc7 Qxc7 24. Be6 Ra6 25. Bxf7+ Kxf7 26. Qxh7+ Ke8 27. Qxg6+ Kd7 28. Qf5+ Ke8 29. h4 e5 30. Nb5 Qd7 31. Qg6+ Kd8 32. h5 Qd1+ 33. Kg2 Qd5+ 34. e4 Qd2 35. h6 Nd3 36. Qg8+ Ke7 37. Qg7+ Ke8 38. h7 Qxf2+ 39. Kh3 Qf1+ 40. Kg4 Qd1+ 41. Kh3 Qh1+ 42. Kg4 Qd1+ 43. Kf5 Qf3+ 44. Kg6 f5+ 45. Qf6 Rxf6+ 46. Kxf6 fxe4+ 47. Ke6 Qh5 48. Nd6+ Kf8 49. Bxe5 Nxe5 50. Nf7 Nxf7 51. h8=Q+ Qxh8 52. g4 Qe5+ 53. Kd7 Qd6+ 54. Kc8 Qd8+ 55. Kxb7 e3 56. Ka7 e2 57. g5 e1=Q 58. g6 Qee7+ 59. Ka6 Qdd6+ 60. Kb5 Qee5+ 61. Kc4 Qdd4+ 62. Kb3 Qee3+ 63. Kc2 Qdd2+ 64. Kb1 Qee1# 0-1


[Site "https://www.chess.com"]

[Event "Titled Tuesday Blitz February 14 Early 2023"]
[White "Kornyukov, Alexey"]
[Black "Orzech, Dominik"]
[WhiteFideId "4150457"]
[BlackFideId "1115065"]
[WhiteElo "2452"]
[BlackElo "2308"]
[Result "0-1"]
[Round "07"]
[TimeControl "180+2"]
[Date "2023.02.15"]
[WhiteClock "0:01:06"]
[BlackClock "0:01:41"]

1. e4 c6 2. d4 d5 3. f3 dxe4 4. fxe4 e5 5. Nf3 Bg4 6. dxe5 Qxd1+ 7. Kxd1 Nd7 8. Bf4 O-O-O 9. Ke1 Ne7 10. Nbd2 Ng6 11. Bg3 Bc5 12. Bc4 Rhf8 13. h3 Bh5 14. Bh4 Nxh4 15. Nxh4 Nxe5 16. Nhf3 Nxc4 17. Nxc4 Rfe8 18. e5 b5 19. Ncd2 f6 20. g4 Bg6 21. Kf1 fxe5 22. Kg2 e4 23. Nh4 Rxd2+ 24. Kg3 0-1


[Site "https://www.chess.com"]

[Event "Titled Tuesday Blitz February 14 Early 2023"]
[White "Srebrnic, Marko"]
[Black "Afanasieva, Alexandra"]
[WhiteFideId "14603616"]
[BlackFideId "34126926"]
[WhiteElo "2366"]
[BlackElo "1857"]
[Result "1-0"]
[Round "07"]
[TimeControl "180+2"]
[Date "2023.02.15"]
[WhiteClock "0:00:13"]
[BlackClock "0:00:12"]

1. e4 c5 2. Nf3 e6 3. d4 cxd4 4. Nxd4 Nf6 5. Nc3 Nc6 6. g3 Bc5 7. Nb3 Bb6 8. Bg2 O-O 9. O-O h6 10. Bf4 e5 11. Be3 d6 12. Bxb6 Qxb6 13. Qxd6 Rd8 14. Qa3 Bg4 15. h3 Be6 16. Nc5 Nd4 17. Rac1 Rac8 18. Nxe6 Nxe6 19. Nd5 Nxd5 20. exd5 Nd4 21. c4 Ne2+ 22. Kh2 Nxc1 23. Rxc1 Qxf2 24. Qe7 Re8 25. Qxb7 Rb8 26. Qd7 e4 27. Rf1 Qd4 28. Qxf7+ Kh8 29. Rf4 Rf8 30. Qxf8+ Rxf8 31. Rxf8+ Kh7 32. Re8 e3 33. d6 Kg6 34. d7 Qxd7 35. Rxe3 Qd4 36. Re2 Qxc4 37. Be4+ Kf6 38. Rf2+ Ke7 39. Bb1 Qc1 40. Bd3 Kd6 41. b3 Qe3 42. Re2 Qxd3 43. Rf2 Qe3 44. Kg2 Qe4+ 45. Kh2 Kc5 46. h4 Kd4 47. Rf4 Ke3 48. Rxe4+ Kxe4 49. Kh3 Kf5 50. g4+ Kf4 51. h5 1-0


[Site "https://www.chess.com"]

[Event "Titled Tuesday Blitz February 14 Early 2023"]
[White "Shubenkova, Veronika"]
[Black "Willathgamuwa, Kevin"]
[WhiteFideId "44124040"]
[BlackFideId "3214168"]
[WhiteElo "1960"]
[BlackElo "2062"]
[Result "1-0"]
[Round "07"]
[TimeControl "180+2"]
[Date "2023.02.15"]
[WhiteClock "0:00:43"]
[BlackClock "0:00:05"]

1. e4 e6 2. d4 d5 3. exd5 exd5 4. Nf3 Bd6 5. c3 Nc6 6. Bd3 Nge7 7. O-O Bg4 8. h3 Bh5 9. Nbd2 Qd7 10. b4 f6 11. a4 g5 12. Qb3 Bg6 13. Bb5 h5 14. Bxc6 bxc6 15. c4 g4 16. Nh4 gxh3 17. Qxh3 Qxh3 18. gxh3 Rg8 19. Nxg6 Rxg6+ 20. Kh1 Bxb4 21. cxd5 cxd5 22. Nf3 Kd7 23. Bf4 Rag8 24. Rab1 a5 25. Rfc1 c6 26. Nh4 R6g7 27. Rc2 Ng6 28. Bg3 Nxh4 29. Bxh4 f5 30. Rbc1 Rg6 31. Bg3 Re8 32. Be5 c5 33. f4 c4 34. Rg2 Reg8 35. Rxg6 Rxg6 36. Rc2 Rg3 37. Kh2 Rd3 38. Kg1 Rxh3 39. Rg2 c3 40. Rg7+ Ke6 41. Rg6+ Ke7 42. Rg7+ Kf8 43. Rc7 Rd3 44. Kf2 Rd2+ 45. Ke3 c2 46. Bd6+ Bxd6 47. Rc8+ Ke7 48. Kxd2 c1=Q+ 49. Kxc1 Bxf4+ 50. Kc2 h4 51. Rh8 Bg3 52. Kd3 Kf6 53. Ke3 Kg5 54. Kf3 Be1 55. Rd8 h3 56. Rxd5 Bb4 57. Rd8 Be1 58. Rh8 Bh4 59. d5 f4 60. d6 h2 61. Kg2 Bg3 62. d7 Kg4 63. d8=Q f3+ 64. Kf1 f2 65. Qd7+ Kf3 66. Qf5+ Bf4 67. Rxh2 Ke3 68. Rxf2 Kd4 69. Rxf4+ Kc3 70. Qh3+ Kd2 71. Rf2+ Kd1 72. Qd3+ Kc1 73. Qc2# 1-0


[Site "https://www.chess.com"]

[Event "Titled Tuesday Blitz February 14 Early 2023"]
[White "Alice, Mateus Felizardo Viageiro"]
[Black "Zampronha, Wladimir Camilo"]
[WhiteFideId "14800047"]
[BlackFideId "2103087"]
[WhiteElo "2202"]
[BlackElo "2176"]
[Result "0-1"]
[Round "07"]
[TimeControl "180+2"]
[Date "2023.02.15"]
[WhiteClock "0:00:26"]
[BlackClock "0:00:27"]

1. e4 c5 2. Nf3 e6 3. d4 cxd4 4. Nxd4 Nc6 5. Nxc6 bxc6 6. Bd3 e5 7. O-O Nf6 8. f4 Bc5+ 9. Kh1 d6 10. f5 Nd7 11. Nd2 Rb8 12. Nb3 Bb6 13. Qg4 Nf6 14. Qxg7 Rg8 15. Qh6 Ng4 16. Qxh7 Nf6 17. Qh4 Rg4 18. Qh8+ Rg8 19. Qh4 Rg4 20. Qh3 Ke7 21. a4 a5 22. Bd2 Qg8 23. Nxa5 Bxa5 24. Bxa5 Nxe4 25. Bxe4 Rxe4 26. Bc7 Ra8 27. Rad1 d5 28. b3 Ba6 29. c4 d4 30. f6+ Ke8 31. Qf5 Re2 32. Rg1 c5 33. Rde1 Qxg2+ 34. Rxg2 Rxe1+ 35. Rg1 Bb7+ 36. Qf3 Bxf3# 0-1


[Site "https://www.chess.com"]

[Event "Titled Tuesday Blitz February 14 Early 2023"]
[White "Hartikainen, Jarmo"]
[Black "I_KID_you_not"]
[WhiteFideId "503134"]
[WhiteElo "2108"]
[BlackElo "2323"]
[Result "0-1"]
[Round "07"]
[TimeControl "180+2"]
[Date "2023.02.15"]
[WhiteClock "0:00:17"]
[BlackClock "0:00:52"]

1. e4 c5 2. c3 Nf6 3. e5 Nd5 4. d4 cxd4 5. Nf3 Nc6 6. cxd4 d6 7. Nc3 dxe5 8. dxe5 Nxc3 9. Qxd8+ Nxd8 10. bxc3 g6 11. Bb5+ Bd7 12. a4 Nc6 13. O-O Bg7 14. Re1 O-O 15. Ba3 Rfe8 16. Rad1 Bg4 17. Rd3 Rac8 18. Rde3 a6 19. Be2 Rc7 20. h3 Bf5 21. Bd1 Rd8 22. g4 Be6 23. Ng5 Bxe5 24. Nxe6 fxe6 25. Rxe5 Nxe5 26. Rxe5 Rxd1+ 27. Kg2 Kf7 0-1


[Site "https://www.chess.com"]

[Event "Titled Tuesday Blitz February 14 Early 2023"]
[White "Wilson, Elvin"]
[Black "Kuchava, Ana"]
[WhiteFideId "2014874"]
[BlackFideId "13605348"]
[WhiteElo "2183"]
[BlackElo "2101"]
[Result "1/2-1/2"]
[Round "07"]
[TimeControl "180+2"]
[Date "2023.02.15"]
[WhiteClock "0:00:04"]
[BlackClock "0:00:05"]

1. c4 e6 2. g3 d5 3. Bg2 Nf6 4. Nf3 c6 5. b3 Be7 6. O-O O-O 7. Bb2 b6 8. d3 Bb7 9. Nbd2 c5 10. e3 Nc6 11. a3 Rc8 12. Qc2 Qc7 13. Rad1 Rfd8 14. Qb1 Qb8 15. Qa1 h6 16. Ne5 dxc4 17. Ndxc4 Ne8 18. Nxc6 Bxc6 19. e4 Qa8 20. f4 Bf6 21. Ne5 Bb7 22. Qb1 a6 23. Qc2 b5 24. Kh1 Qa7 25. Rfe1 Qb6 26. Rd2 a5 27. a4 bxa4 28. bxa4 Bxe5 29. Bxe5 c4 30. dxc4 Rxd2 31. Qxd2 Rxc4 32. Qe2 Qb4 33. h3 Qxa4 34. Rb1 Rb4 35. Rc1 Bc6 36. Qc2 Qxc2 37. Rxc2 Rb1+ 38. Kh2 Rb6 39. Bd4 Rb4 40. Rxc6 Rxd4 41. Rc8 Kf8 42. Ra8 a4 43. e5 Ke7 44. Kg1 Nc7 45. Ra7 Kd8 46. Bc6 Rc4 47. Bxa4 Rc1+ 48. Kf2 Ra1 49. Ra5 Ra2+ 50. Kf3 Ra3+ 51. Kf2 Ra2+ 52. Kf3 Ra3+ 53. Kf2 Ra2+ 1/2-1/2


[Site "https://www.chess.com"]

[Event "Titled Tuesday Blitz February 14 Early 2023"]
[White "Bongo Akanga Ndjila, Barthelemy"]
[Black "Jimenez, Joaquin"]
[WhiteFideId "10609431"]
[BlackFideId "109860"]
[WhiteElo "1824"]
[BlackElo "2195"]
[Result "0-1"]
[Round "07"]
[TimeControl "180+2"]
[Date "2023.02.15"]
[WhiteClock "0:00:17"]
[BlackClock "0:01:45"]

1. d4 Nf6 2. c4 g6 3. Nc3 Bg7 4. e4 d6 5. Be2 O-O 6. g4 e5 7. g5 Nfd7 8. d5 f5 9. h4 a5 10. h5 Na6 11. h6 Bh8 12. f3 f4 13. Bd2 Qxg5 14. Kf1 Ndc5 15. a3 Bd7 16. Nb5 a4 17. Bc3 Nb3 18. Rb1 Qd8 19. Bd3 Nac5 20. Bc2 Na5 21. Bxa4 Nxc4 22. Qe2 Rxa4 23. b3 Bxb5 24. bxa4 Ne3+ 25. Kf2 Bxe2 26. Nxe2 0-1


[Site "https://www.chess.com"]

[Event "Titled Tuesday Blitz February 14 Early 2023"]
[White "Vifleemskaia, Svetlana"]
[Black "Sadovsky, Artem"]
[WhiteFideId "4129490"]
[BlackFideId "4155840"]
[WhiteElo "1971"]
[BlackElo "2276"]
[Result "1-0"]
[Round "07"]
[TimeControl "180+2"]
[Date "2023.02.15"]
[WhiteClock "0:01:31"]
[BlackClock "0:00:16"]

1. d4 g6 2. c4 Bg7 3. e4 d6 4. Nc3 e5 5. d5 f5 6. h4 Nf6 7. Be2 O-O 8. h5 f4 9. hxg6 hxg6 10. Nf3 Nh5 11. Bd2 Bf6 12. Qc2 Kg7 13. O-O-O a5 14. Nh2 Rh8 15. Ng4 Bg5 16. Bf3 Nd7 17. Kb1 Ndf6 18. Nxf6 Nxf6 19. Rxh8 Qxh8 20. Qc1 Bg4 21. Rh1 Qc8 22. Qg1 Qd7 23. Qh2 Rg8 24. Nb5 Bxf3 25. gxf3 Qd8 26. Qg2 Nh5 27. Rg1 Kh7 28. Qxg5 Qxg5 29. Rxg5 Rg7 30. Bxa5 Kh6 31. Rg2 b6 32. Bd2 g5 33. a4 Nf6 34. a5 g4 35. axb6 cxb6 36. Nxd6 g3 37. Nf5+ Kh5 38. Nxg7+ Kh4 39. fxg3+ fxg3 40. Nf5+ Kh3 41. Rxg3+ Kh2 42. Rg6 Nxe4 43. fxe4 b5 44. cxb5 Kh1 45. d6 Kh2 46. d7 Kh1 47. d8=Q Kh2 48. Qh8# 1-0


[Site "https://www.chess.com"]

[Event "Titled Tuesday Blitz February 14 Early 2023"]
[White "Levitan, Caleb Levi"]
[Black "Mazurkiewicz, Michal"]
[WhiteFideId "14332620"]
[BlackFideId "1124943"]
[WhiteElo "2129"]
[BlackElo "2145"]
[Result "1-0"]
[Round "07"]
[TimeControl "180+2"]
[Date "2023.02.15"]
[WhiteClock "0:00:09"]
[BlackClock "0:00:10"]

1. e4 d6 2. d4 Nf6 3. Nc3 c6 4. Bf4 Nbd7 5. Nf3 Qa5 6. Qd2 e5 7. Be3 Be7 8. Be2 b5 9. Bd3 O-O 10. O-O b4 11. Ne2 Re8 12. Ng3 Ng4 13. h3 Nxe3 14. Qxe3 Bf8 15. Nf5 d5 16. Qg5 Kh8 17. Nxe5 Nxe5 18. dxe5 Rxe5 19. f4 f6 20. Qh4 Rxf5 21. exf5 c5 22. b3 c4 23. bxc4 dxc4 24. Be2 Bxf5 25. Bf3 Rc8 26. Rae1 Bxc2 27. Be4 Bxe4 28. Rxe4 b3 29. axb3 cxb3 30. Qe1 Qb6+ 31. Kh2 b2 32. Qb1 a5 33. Re2 Rb8 34. Rff2 Ba3 35. Rf3 Bc5 36. Rc3 a4 37. Rxc5 Qxc5 38. Qxb2 Rc8 39. Qa2 a3 40. Qe6 h6 41. Ra2 Ra8 42. Qe4 Qa5 43. Qc4 Qa4 44. Qd5 Qxf4+ 45. Kh1 Rc8 46. Ra1 Qg3 47. Qd1 Re8 48. Qd7 Re1+ 49. Rxe1 Qxe1+ 50. Kh2 Qe5+ 51. Kh1 a2 52. Qc8+ Kh7 53. Qc2+ f5 54. Qxa2 Kg6 55. Qa6+ Qf6 56. Qe2 h5 57. Qe8+ Kh6 58. Kh2 g5 59. Qg8 g4 60. Qe8 Qd6+ 61. g3 Qd2+ 62. Kg1 gxh3 63. Qf8+ Kg6 64. Qg8+ Kf6 65. Qf8+ Ke6 66. Qe8+ Kf6 67. Qf8+ Ke5 68. Qe7+ Kd5 69. Qd7+ Ke4 70. Qxd2 Kf3 71. Qf4+ Ke2 72. Qf2+ Kd3 73. Kh2 f4 74. Kxh3 f3 75. Qxf3+ 1-0


[Site "https://www.chess.com"]

[Event "Titled Tuesday Blitz February 14 Early 2023"]
[White "Gedgafov, Chamal"]
[Black "Can, Melih Kaan"]
[WhiteFideId "34130621"]
[BlackFideId "6317383"]
[WhiteElo "2118"]
[BlackElo "2069"]
[Result "1-0"]
[Round "07"]
[TimeControl "180+2"]
[Date "2023.02.15"]
[WhiteClock "0:00:04"]
[BlackClock "0:00:03"]

1. d4 Nf6 2. c4 e6 3. Nf3 Bb4+ 4. Nbd2 O-O 5. a3 Be7 6. e4 d5 7. e5 Ne4 8. Bd3 Nxd2 9. Bxd2 dxc4 10. Bxc4 b6 11. O-O Bb7 12. Qe2 Nd7 13. b4 a5 14. Bc3 axb4 15. axb4 c5 16. dxc5 bxc5 17. b5 Nb6 18. Bd3 c4 19. Be4 Bxe4 20. Qxe4 Qd5 21. Qd4 Qxd4 22. Bxd4 Nd5 23. b6 Rab8 24. Rfc1 Rfc8 25. Ne1 h6 26. Nc2 Bc5 27. Rab1 Rxb6 28. Rxb6 Bxb6 29. Kf1 c3 30. g3 Bxd4 31. Nxd4 Rc4 32. Nc2 g5 33. f3 Kg7 34. Ke2 h5 35. Kd3 Ra4 36. Nd4 Ra2 37. Nc2 Kg6 38. Rb1 Rb2 39. Ra1 Rb7 40. g4 hxg4 41. fxg4 Rc7 42. Rc1 Nf4+ 43. Ke4 Rc4+ 44. Ke3 Rc5 45. Kd4 Rxe5 46. Kxe5 Nd3+ 47. Kd4 Nxc1 48. Kxc3 f6 49. Kd2 Nb3+ 50. Ke3 Nc5 51. Nd4 Kf7 52. Nc6 Nd7 53. h3 Nb6 54. Nd4 Nd5+ 55. Kf3 Nf4 56. h4 e5 57. hxg5 1-0


[Site "https://www.chess.com"]

[Event "Titled Tuesday Blitz February 14 Early 2023"]
[White "Miszler, Levente"]
[Black "Cueto, Jonny"]
[WhiteFideId "763276"]
[BlackFideId "3300145"]
[WhiteElo "2271"]
[BlackElo "2122"]
[Result "1-0"]
[Round "07"]
[TimeControl "180+2"]
[Date "2023.02.15"]
[WhiteClock "0:01:13"]
[BlackClock "0:00:08"]

1. e4 e6 2. d4 d5 3. Nd2 Nc6 4. Ngf3 Nf6 5. e5 Nd7 6. Bb5 a6 7. Bxc6 bxc6 8. Nb3 Be7 9. O-O O-O 10. c4 dxc4 11. Na5 c5 12. Nc6 Qe8 13. Nxe7+ Qxe7 14. Bg5 f6 15. Bf4 fxe5 16. Nxe5 Nxe5 17. Bxe5 cxd4 18. Qxd4 Bb7 19. Rfe1 Rad8 20. Qxc4 Qg5 21. Bg3 Qg6 22. Rxe6 Qf7 23. Qe2 Bd5 24. Re7 Qf6 25. Re1 Kh8 26. Qh5 Qh6 27. Qxh6 gxh6 28. Be5+ Kg8 29. Rg7+ 1-0


[Site "https://www.chess.com"]

[Event "Titled Tuesday Blitz February 14 Early 2023"]
[White "Orujov, Elshad"]
[Black "Papp, Petra"]
[WhiteFideId "13403540"]
[BlackFideId "739049"]
[WhiteElo "2304"]
[BlackElo "2343"]
[Result "1/2-1/2"]
[Round "07"]
[TimeControl "180+2"]
[Date "2023.02.15"]
[WhiteClock "0:00:47"]
[BlackClock "0:02:21"]

1. e4 c5 2. Nf3 Nc6 3. d4 cxd4 4. Nxd4 Nf6 5. Nc3 e5 6. Ndb5 d6 7. Bg5 a6 8. Na3 b5 9. Nd5 Be7 10. Bxf6 Bxf6 11. c4 b4 12. Nc2 a5 13. Qf3 Be7 14. Rd1 O-O 15. c5 dxc5 16. Nf6+ Bxf6 17. Rxd8 Rxd8 18. Bc4 a4 19. O-O Ba6 20. Bxa6 Rxa6 21. Rd1 Raa8 22. Ne3 Nd4 23. Qg4 b3 24. a3 Nc2 25. Nd5 Kf8 26. Nxf6 gxf6 27. h4 c4 28. Qe2 Rxd1+ 29. Qxd1 c3 30. bxc3 Ke7 31. Qd5 Rb8 32. Qc5+ Kd7 33. Qd5+ Ke7 34. Qc5+ Ke8 35. Qc6+ Kd8 36. Qd6+ Kc8 37. Qc6+ Kd8 38. Qd6+ Kc8 39. Qc6+ Kd8 1/2-1/2


[Site "https://www.chess.com"]

[Event "Titled Tuesday Blitz February 14 Early 2023"]
[White "EdmundPlayer"]
[Black "Mesa Cruz, Juan Carlos"]
[BlackFideId "6423400"]
[WhiteElo "2246"]
[BlackElo "2122"]
[Result "1-0"]
[Round "07"]
[TimeControl "180+2"]
[Date "2023.02.15"]
[WhiteClock "0:00:55"]
[BlackClock "0:00:33"]

1. e4 c5 2. Nf3 d6 3. d4 cxd4 4. Nxd4 Nf6 5. Nc3 a6 6. h3 e5 7. Nde2 Be7 8. g4 h6 9. Bg2 O-O 10. Be3 Be6 11. a4 Nbd7 12. Qd2 Nb6 13. b3 Qc7 14. O-O Rfd8 15. a5 Nbd7 16. Nd5 Bxd5 17. exd5 Re8 18. Ng3 Nf8 19. Nf5 Ng6 20. c4 Bf8 21. b4 Qxc4 22. Rfc1 Qb5 23. Rc7 Rac8 24. Rac1 Rxc7 25. Rxc7 Nf4 26. Bxf4 exf4 27. Qxf4 Nxd5 28. Nxh6+ Kh7 29. Qf5+ g6 30. Qxf7+ Kxh6 31. Bxd5 Re7 32. Qxf8+ Kg5 33. Qxe7+ Kf4 34. Qe3# 1-0


[Site "https://www.chess.com"]

[Event "Titled Tuesday Blitz February 14 Early 2023"]
[White "lisjakzlatko1"]
[Black "Boder, Jan"]
[BlackFideId "16243226"]
[WhiteElo "2220"]
[BlackElo "2294"]
[Result "1-0"]
[Round "07"]
[TimeControl "180+2"]
[Date "2023.02.15"]
[WhiteClock "0:00:34"]
[BlackClock "0:00:01"]

1. e4 e5 2. Nf3 Nc6 3. Bb5 a6 4. Bxc6 dxc6 5. O-O f6 6. d4 exd4 7. Nxd4 c5 8. Nb3 Qxd1 9. Rxd1 Bd6 10. Be3 b6 11. a4 Bb7 12. N1d2 Ne7 13. f3 O-O-O 14. Nc4 Nc6 15. a5 b5 16. Na3 c4 17. Nc5 Bxc5 18. Bxc5 Rxd1+ 19. Rxd1 Rd8 20. Ra1 Nxa5 21. Nxb5 axb5 22. Rxa5 Rd1+ 23. Kf2 Rd2+ 24. Ke3 Rxg2 25. Rxb5 Rxh2 26. c3 h5 27. Bf8 g5 28. Be7 Rh3 29. Kf2 g4 30. Rf5 gxf3 31. Rxf3 Rh2+ 32. Ke3 Rxb2 33. Rxf6 Rb1 34. Rh6 Re1+ 35. Kd2 Rxe4 36. Bg5 Re5 37. Rxh5 Bf3 38. Rh8+ Kb7 39. Be3 Rd5+ 40. Bd4 c5 41. Rf8 Bh1 42. Rf7+ Kc6 43. Rf6+ Kd7 44. Rf7+ Ke6 45. Rh7 1-0


[Site "https://www.chess.com"]

[Event "Titled Tuesday Blitz February 14 Early 2023"]
[White "Thomas, Anysia"]
[Black "Avazkhonov, Alikhon"]
[WhiteFideId "670472"]
[BlackFideId "14208504"]
[WhiteElo "2147"]
[BlackElo "1538"]
[Result "0-1"]
[Round "07"]
[TimeControl "180+2"]
[Date "2023.02.15"]
[WhiteClock "0:00:07"]
[BlackClock "0:00:44"]

1. d4 Nf6 2. c4 e6 3. Nf3 Bb4+ 4. Nbd2 b6 5. g3 Bb7 6. Bg2 O-O 7. O-O d6 8. Nb1 d5 9. Ne5 Nbd7 10. a3 Bd6 11. cxd5 exd5 12. Nc4 Be7 13. Nc3 c6 14. Ne3 Re8 15. Nf5 Bf8 16. Bf4 Ne4 17. Nxe4 dxe4 18. e3 Nf6 19. g4 c5 20. dxc5 Bxc5 21. Bd6 Ba6 22. Re1 Bd3 23. Bg3 g6 24. Nh6+ Kg7 25. g5 Nd5 26. b4 Bd6 27. h4 Bxg3 28. fxg3 f5 29. Rc1 Rc8 30. Qd2 Qd6 31. Qb2+ Nc3 32. Rxc3 Qe5 33. Rc7+ Rxc7 34. Qf2 Rc2 35. Qf4 Qxf4 36. gxf4 Rec8 37. Kh2 Rc1 38. Rxc1 Rxc1 39. h5 Ra1 40. hxg6 hxg6 41. Kg3 Rxa3 0-1


[Site "https://www.chess.com"]

[Event "Titled Tuesday Blitz February 14 Early 2023"]
[White "Martinez, Shawn"]
[Black "Broca Jimenez, Fernando"]
[WhiteFideId "2039770"]
[BlackFideId "5104742"]
[WhiteElo "1881"]
[BlackElo "2075"]
[Result "0-1"]
[Round "07"]
[TimeControl "180+2"]
[Date "2023.02.15"]
[WhiteClock "0:00:26"]
[BlackClock "0:00:10"]

1. e4 c5 2. Nc3 g6 3. Bc4 Bg7 4. Qf3 e6 5. Nb5 d6 6. Qg3 e5 7. Qb3 Nh6 8. Qd3 O-O 9. a4 Nc6 10. Qxd6 Qxd6 11. Nxd6 Nd4 12. Kd1 Ng4 13. Nh3 Nf6 14. Nxc8 Raxc8 15. d3 a6 16. c3 Nc6 17. a5 Rfd8 18. Kc2 Ne8 19. g3 Nd6 20. Bd5 Ne7 21. Ba2 c4 22. Rd1 cxd3+ 23. Rxd3 Nxe4 24. Rxd8+ Rxd8 25. f3 Nc5 26. Ng5 Nd5 27. b4 Ne6 28. Nxe6 fxe6 29. Kb3 e4 30. fxe4 Nxc3 31. Bg5 Rd3 32. Kc4 Rf3 33. Bb3 Nxe4 34. Be7 Bxa1 35. Bd1 Rf2 36. Kd3 Rd2+ 37. Kxe4 Rxd1 38. Bc5 Kf7 39. h4 e5 40. g4 Ke6 41. h5 Bd4 42. hxg6 hxg6 43. Bf8 Rb1 44. g5 Bc3 0-1


[Site "https://www.chess.com"]

[Event "Titled Tuesday Blitz February 14 Early 2023"]
[White "Ipek, Egehan"]
[Black "Michalski, Olaf"]
[WhiteFideId "44523793"]
[BlackFideId "1106740"]
[WhiteElo "2308"]
[BlackElo "2273"]
[Result "1-0"]
[Round "07"]
[TimeControl "180+2"]
[Date "2023.02.15"]
[WhiteClock "0:00:03"]
[BlackClock "0:00:04"]

1. d4 d6 2. c4 g6 3. Nc3 Bg7 4. e4 Nc6 5. d5 Nd4 6. Be3 e5 7. Nge2 Nxe2 8. Bxe2 Nf6 9. h3 O-O 10. g4 Nd7 11. Qd2 f5 12. gxf5 gxf5 13. exf5 Nf6 14. Rg1 Kh8 15. Bd3 e4 16. Nxe4 Bxf5 17. Rxg7 Kxg7 18. Bh6+ Kh8 19. Qg5 Rf7 20. Qxf5 Qe7 21. Qe6 Ng8 22. O-O-O Qxe6 23. dxe6 Re7 24. Bd2 Rxe6 25. Bc3+ Nf6 26. Nxf6 h6 27. Rg1 Rf8 28. Nd7+ Re5 29. Nxe5 1-0


[Site "https://www.chess.com"]

[Event "Titled Tuesday Blitz February 14 Early 2023"]
[White "Delorme, Alban"]
[Black "Manon-og, Ramon Jr."]
[WhiteFideId "623636"]
[BlackFideId "5200776"]
[WhiteElo "2298"]
[BlackElo "1999"]
[Result "0-1"]
[Round "07"]
[TimeControl "180+2"]
[Date "2023.02.15"]
[WhiteClock "0:00:33"]
[BlackClock "0:02:45"]

1. e4 c5 2. Nf3 d6 3. d4 cxd4 4. Nxd4 Nf6 5. Nc3 a6 6. Bg5 e6 7. f4 Be7 8. Qf3 Qc7 9. O-O-O Nbd7 10. g4 b5 11. Bxf6 Nxf6 12. g5 Nd7 13. f5 Bxg5+ 0-1


[Site "https://www.chess.com"]